 Dungeon Crawl Stone Soup version 0.29.1-1-gd02db6906a (webtiles) character file.

Game seed: 13182273382505847960

75 Sabo the Gusty (level 4, -2/27 HPs)
             Began as an Octopode Air Elementalist on Oct 10, 2022.
             Was a Believer of Lugonu.
             Slain by Grinder (8 damage)
             ... on level 3 of the Dungeon.
             The game lasted 00:22:06 (3064 turns).

Sabo the Gusty (Octopode Air Elementalist)          Turns: 3064, Time: 00:22:09

Health: -2/27      AC:  1    Str: 13    XL:     4   Next: 31%
Magic:  8/8        EV: 13    Int: 19    God:    Lugonu [**....]
Gold:   136        SH:  5    Dex: 12    Spells: 7/8 levels left

rFire   . . .      SeeInvis .   t - +0 arbalest
rCold   . . .      Faith    .   (shield currently unavailable)
rNeg    . . .      Spirit   .   (helmet restricted)
rPois   .          Reflect  +   b - amulet of reflection
rElec   .          Harm     .   i - +6 ring of strength
rCorr   .          Rampage  .   (no ring)
Will    .....                   (no ring)
Stlth   +++.......              (no ring)
HPRegen 0.09/turn               (no ring)
MPRegen 0.11/turn               (no ring)
                                (no ring)
                                (no ring)

@: no status effects
A: almost no armour, amphibious, 8 rings, camouflage 1, gelatinous body 1,
(nimble swimmer 1), tentacles
a: Renounce Religion, Depart the Abyss, Bend Space


You were on level 3 of the Dungeon.
You worshipped Lugonu.
Lugonu was pleased with you.
You visited 1 branch of the dungeon, and saw 3 of its levels.

You collected 136 gold pieces.

Inventory:

Hand Weapons
 c - a +0 falchion
 e - a +1 dagger of venom
 t - a +0 arbalest (weapon)
Missiles
 d - 3 poisoned darts
Jewellery
 b - an amulet of reflection (around mantle)
 i - a +6 ring of strength (left tentacle)
Scrolls
 f - 2 scrolls of teleportation
 h - a scroll of vulnerability {unknown}
 j - a scroll of silence {unknown}
 k - a scroll of poison {unknown}
 p - a scroll of noise {unknown}
 q - a scroll of immolation {unknown}
Potions
 a - a potion of magic
 g - a potion of brilliance
 l - a potion of haste {unknown}
 m - 2 potions of degeneration {unknown}
 n - 2 potions of berserk rage {unknown}
 o - 2 potions of ambrosia {unknown}
 r - a potion of mutation {unknown}
 s - a potion of curing {unknown}


   Skills:
 + Level 2.1 Dodging
 + Level 3.5 Stealth
 + Level 0.2 Shields
 + Level 2.8 Spellcasting
 + Level 1.6 Conjurations
 + Level 3.6 Air Magic


You had 7 spell levels left.
You knew the following spells:

 Your Spells              Type           Power      Damage    Failure   Level
a - Shock                 Conj/Air       48%        1d6       5%          1

Your spell library contained the following spells:

 Spells                   Type           Power      Damage    Failure   Level
 Static Discharge         Conj/Air       12%        3-5/arc   8%          2
 Swiftness                Air            16%        N/A       11%         3
 Airstrike                Air            8%         2d(2-18)  34%         4


Dungeon Overview and Level Annotations

Branches:
Dungeon (3/15)

Altars:
Lugonu

Annotations:
D:3 Grinder


Innate Abilities, Weirdness & Mutations

You cannot wear most types of armour.
You are amphibious.
You can wear up to eight rings at the same time.
Your skin changes colour to match your surroundings (Stealth+).
Your rubbery body absorbs attacks. (AC +1, EV +1)
((You are camouflaged when in or above water. (Stealth+)))
You have tentacles for arms and can constrict up to eight enemies at once.


Message History

You see here a hobgoblin corpse.
You see here a +0 robe.
Grinder shouts!
Grinder gestures at you. Pain shoots through your body!
Fire: t) +0 arbalest
Press: ? - help, Q - select action, (/) - cycle Shift-Dir - straight line, f - Grinder
Aim: Grinder (42% to hit)
You shoot a bolt. The bolt hits Grinder!
Grinder is moderately wounded.
A worm comes into view.
Fire: t) +0 arbalest
Press: ? - help, Q - select action, (/) - cycle Shift-Dir - straight line, f/p - Grinder
Aim: Grinder (moderately wounded, 42% to hit)
You shoot a bolt. The bolt closely misses Grinder.
Grinder says, "Mostly I couldn't keep them alive."
Grinder barely misses you. Grinder gestures at you.
You suddenly lose the ability to move!
Grinder gestures at you.
You shrug off the repeated paralysis!
Grinder hits you! Grinder gestures at you. Pain shoots through your body!
Grinder hits you.
* * * LOW HITPOINT WARNING * * *
You can move again.
Fire: t) +0 arbalest
Press: ? - help, Q - select action, (/) - cycle Shift-Dir - straight line, f/p - Grinder
Aim: Grinder (moderately wounded, 42% to hit)
You shoot a bolt. The bolt barely misses Grinder.
The bolt completely misses the worm.
Grinder blinks!
Fire: t) +0 arbalest
Press: ? - help, Q - select action, (/) - cycle Shift-Dir - straight line, f/p - Grinder
Aim: Grinder (moderately wounded, 42% to hit)
You shoot a bolt. The bolt hits Grinder!
Grinder is heavily wounded.
Grinder hits you!
You die...

############ #..........#
#)########.# #
##.########.##
...######........#...##
........w@.#####...#..####
..<......5.# #..###.....
#.#........######.....####
#................[...##
#.#.......########...# #
#...............#.######
#.......#######...†..)..
####.##.# #####...######
#. #.# #..........#


You could see Grinder and a worm.

Vanquished Creatures
  A gnoll (D:1)
  A worm (D:2)
  A dart slug (D:1)
  An orc (D:3)
  6 endoplasms
  3 giant cockroaches
  6 goblins
  6 hobgoblins
  3 quokkas
  5 ball pythons
  9 bats
  6 frilled lizards
  2 kobolds
  6 rats
56 creatures vanquished.

Notes
Turn   | Place    | Note
-------+----------+-------------------------------------------
     0 | D:1      | Sabo the Octopode Air Elementalist began the quest for the
                  | Orb.
     0 | D:1      | Reached XP level 1. HP: 11/11 MP: 3/3
   299 | D:1      | Reached XP level 2. HP: 17/17 MP: 0/5
   906 | D:1      | Reached XP level 3. HP: 21/21 MP: 1/6
  1486 | D:1      | Found a faded altar of an unknown god.
  1553 | D:1      | Prayed at the altar of an unknown god.
  1553 | D:1      | Became a worshipper of Lugonu the Unformed
  1553 | D:1      | Reached * piety under Lugonu
  1553 | D:1      | Reached ** piety under Lugonu
  1771 | D:2      | Reached XP level 4. HP: 27/27 MP: 4/8
  2580 | D:3      | Noticed Grinder
  2582 | D:3      | Paralysed by Grinder for 4 turns
  3058 | D:3      | Paralysed by Grinder for 5 turns
  3064 | D:3      | Slain by Grinder

Illustrated notes

Levels and vault maps discovered:
D:1:      dpeg_arrival_subterranean_lakeside_camping, layout_rooms,
          nicolae_ecumenical_snake_handling, minmay_surrounded
D:2:      layout_loops_ring
D:3:      minmay_roachtagon, layout_loops_ring, elyvilon_altar_1, uniq_grinder

Skill      XL: |  1 |
---------------+----+-----
Stealth        | 3 |  3.5
Dodging        | |  2.1
Shields        | |  0.2
Spellcasting   | |  2.8
Conjurations   | |  1.6
Air Magic      | |  3.6

Action                   |  1- 3 |  4- 6 || total
-------------------------+-------+-------++-------
Melee: Unarmed           |     6 |       ||     6
       Constrict         |     5 |     2 ||     7
       Tentacles         |     1 |     3 ||     4
       Dagger            |    12 |     6 ||    18
 Fire: Arbalest          |       |     4 ||     4
 Cast: Shock             |    85 |    28 ||   113
  Use: Scroll            |     2 |     1 ||     3
 Stab: Sleeping          |       |     1 ||     1
Armor: Skin              |     5 |     1 ||     6
Dodge: Dodged            |    22 |     4 ||    26
Block: Other             |    10 |     3 ||    13
